 Dungeon Sprint DCSS version 0.22-a0-460-g49b1da7 (webtiles) character file.

1049 emperorscorpion the Thaumaturge (level 8, -6/48 HPs)
             Began as a Deep Elf Air Elementalist on June 9, 2018.
             Was a Priest of Sif Muna.
             Mangled by a two-headed ogre
             ... wielding a +0 giant club
              (31 damage)
             ... in the Dungeon (Sprint IX: "|||||||||||||||||||||||||||||").
             The game lasted 00:01:55 (395 turns).

emperorscorpion the Thaumaturge (DEAE)               Turns: 395, Time: 00:01:56

Health: -6/48      AC:  6    Str:  5    XL:     8   Next: 5%
Magic:  18/24      EV: 20    Int: 22    God:    Sif Muna [***...]
Gold:   0          SH:  0    Dex: 23    Spells: 16/28 levels left

rFire    . . .     SeeInvis .   a - +3 war axe of Qees {venom, rElec Dex+7}
rCold    . . .     Gourm    .   (no shield)
rNeg     . . .     Faith    .   p - +0 robe
rPois    .         Spirit   .   r - +0 helmet
rElec    +         Reflect  .   q - +0 cloak
rCorr    .         Harm     .   (no gloves)
MR       .....     NoTele   +   (no boots)
Stlth    ++++......             (no amulet)
HPRegen  0.16/turn              t - +2 ring of protection
MPRegen  0.19/turn              u - +2 ring of evasion

@: no status effects
A: no striking features
a: Divine Energy, Channel Magic, Renounce Religion


You were in the Dungeon.
You worshipped Sif Muna.
Sif Muna was most pleased with you.
You were not hungry.

You visited 1 branch

Inventory:

Hand Weapons
 a - the +3 war axe of Qees (weapon) {venom, rElec Dex+7}
   (You found it in the Dungeon)

   It poisons the flesh of those it strikes.
   It affects your dexterity (+7).
   It insulates you from electricity.
 j - a +0 whip
Armour
 p - a +0 robe (worn)
 q - a +0 cloak (worn)
 r - a +0 helmet (worn)
 s - a +2 ring mail
Magical Staves
 b - an uncursed staff of energy
Jewellery
 t - a +2 ring of protection (left hand)
 u - a +2 ring of evasion (right hand)
Wands
 n - a wand of acid (4)
Scrolls
 i - 2 scrolls of blinking
 l - 3 scrolls of remove curse
 m - 2 scrolls of amnesia
Potions
 d - 5 potions of curing
 e - 3 potions of heal wounds
 f - a potion of haste
 g - 4 potions of magic
 h - a potion of berserk rage
 k - a potion of invisibility
Comestibles
 c - a ration
 o - a chunk of flesh


   Skills:
 * Level 3.7 Fighting
 * Level 3.5 Armour
 + Level 6.9 Dodging
 + Level 6.0 Stealth
 * Level 10.8 Spellcasting
 + Level 3.9 Conjurations
 * Level 6.1 Charms
 + Level 10.5 Air Magic
 * Level 4.6 Invocations
 + Level 1.3 Evocations


You had 16 spell levels left.
You knew the following spells:

 Your Spells              Type           Power        Failure   Level  Hunger
a - Shock                 Conj/Air       ####         1%          1    None
b - Airstrike             Air            ######....   1%          4    #......
c - Swiftness             Chrm/Air       #####...     1%          2    None
d - Lightning Bolt        Conj/Air       #####.....   8%          5    ####...

Your spell library contained the following spells:

 Spells                   Type           Power        Failure   Level  Hunger
 Static Discharge         Conj/Air       #####...     1%          3    None


Dungeon Overview and Level Annotations

Branches:
Dungeon (1/1)

Altars:
Cheibriados
Dithmenos
Elyvilon
Fedhas
Gozag
Hepliaklqana
Kikubaaqudgha
Makhleb
Nemelex Xobeh
Okawaru
Qazlal
Ru
Sif Muna
Trog
Uskayaw
Vehumet
Wu Jian
Xom
Yredelemnul
Zin
The Shining One
Beogh
Jiyva
Lugonu


Message History

The two-headed ogre is heavily wounded.
The bolt of acid hits the adder.
The adder is splashed with acid.
The acid corrodes the adder!
You kill the adder!
Sif Muna accepts your kill.
You can now call upon Sif Muna for magical energy.
Evoke which item? (* to show all) (? for menu, Esc to quit)
Aiming: Corrosive Bolt
Press: ? - help, Shift-Dir - straight line, f/p - two-headed ogre
Aim: a two-headed ogre, wielding two giant clubs (heavily wounded, covered in acid)
The bolt of acid hits the two-headed ogre.
The two-headed ogre is splashed with acid.
The acid corrodes the two-headed ogre!
The two-headed ogre is almost dead.
The bolt of acid hits the sky beast.
The sky beast is splashed with acid.
The acid corrodes the sky beast!
The sky beast is heavily wounded.
The two-headed ogre hits you with a giant club!!
Ouch! That really hurt!
You die... ▓▓▓▓▓▓▓▓▓▓▓▓▓▓▓▓▓▓▓▓▓▓▓▓ ...†Y.O@....)...'_______ ▓▓▓▓▓▓▓▓▓▓▓▓▓▓▓▓▓▓▓▓▓▓▓▓

You could see a two-headed ogre and a sky beast.

Vanquished Creatures
  A two-headed ogre (D)
  A troll (D)
  An ice beast (D)
  A howler monkey (D)
  An orc wizard (D)
  A worker ant (D)
  An adder (D)
  A shadow imp (D)
  An orc (D)
  A bat (D)
  A goblin (D)
  A kobold (D)
  2 rats (D)
14 creatures vanquished.

Notes
Turn   | Place    | Note
-------+----------+-------------------------------------------
     0 | D        | emperorscorpion the Deep Elf Air Elementalist began the quest for the Orb.
     0 | D        | Reached XP level 1. HP: 10/10 MP: 6/6
   169 | D        | Noticed an orc wizard
   169 | D        | Noticed an ice beast
   169 | D        | Noticed a howler monkey
   174 | D        | Killed an orc wizard
   174 | D        | Reached skill level 5 in Air Magic
   174 | D        | Reached XP level 2. HP: 9/15 MP: 2/9
   174 | D        | Reached XP level 3. HP: 11/19 MP: 2/11
   175 | D        | Reached skill level 5 in Spellcasting
   176 | D        | Reached XP level 4. HP: 13/24 MP: 0/13
   198 | D        | Learned a level 4 spell: Airstrike
   201 | D        | Learned a level 2 spell: Swiftness
   309 | D        | Killed an ice beast
   309 | D        | Reached skill level 5 in Dodging
   309 | D        | Reached XP level 5. HP: 28/28 MP: 2/16
   320 | D        | Learned a level 5 spell: Lightning Bolt
   324 | D        | Found a roughly hewn altar of Beogh.
   324 | D        | Found a snail-covered altar of Cheibriados.
   324 | D        | Found a shadowy altar of Dithmenos.
   324 | D        | Found a white marble altar of Elyvilon.
   324 | D        | Found a blossoming altar of Fedhas.
   324 | D        | Found an opulent altar of Gozag.
   325 | D        | Found a hazy altar of Hepliaklqana.
   326 | D        | Found a viscous altar of Jiyva.
   327 | D        | Found an ancient bone altar of Kikubaaqudgha.
   328 | D        | Found a corrupted altar of Lugonu.
   329 | D        | Found a burning altar of Makhleb.
   330 | D        | Found a sparkling altar of Nemelex Xobeh.
   331 | D        | Found an iron altar of Okawaru.
   332 | D        | Found a stormy altar of Qazlal.
   333 | D        | Found a sacrificial altar of Ru.
   334 | D        | Found a deep blue altar of Sif Muna.
   335 | D        | Found a bloodstained altar of Trog.
   336 | D        | Found a hide-covered altar of Uskayaw.
   337 | D        | Found a radiant altar of Vehumet.
   338 | D        | Found an ornate altar of the Wu Jian Council.
   339 | D        | Found a shimmering altar of Xom.
   340 | D        | Found a basalt altar of Yredelemnul.
   341 | D        | Found a glowing silver altar of Zin.
   342 | D        | Became a worshipper of Sif Muna the Loreminder
   343 | D        | Found a glowing golden altar of the Shining One.
   361 | D        | Got the +3 war axe of Qees {venom, rElec Dex+7}
   389 | D        | Noticed a sky beast
   389 | D        | Noticed a two-headed ogre
   389 | D        | Noticed a troll
   389 | D        | Noticed a two-headed ogre
   391 | D        | Reached skill level 1 in Charms
   392 | D        | Killed a troll
   392 | D        | Reached * piety under Sif Muna
   392 | D        | Reached skill level 5 in Stealth
   392 | D        | Reached skill level 1 in Evocations
   392 | D        | Reached XP level 6. HP: 35/35 MP: 17/20
   393 | D        | Killed a two-headed ogre
   393 | D        | Reached ** piety under Sif Muna
   393 | D        | Reached skill level 10 in Spellcasting
   393 | D        | Reached skill level 10 in Air Magic
   393 | D        | Reached XP level 7. HP: 21/42 MP: 18/23
   393 | D        | Reached XP level 8. HP: 24/48 MP: 18/24
   394 | D        | Reached *** piety under Sif Muna
   395 | D        | Mangled by a two-headed ogre

Vault maps used:
D:        linesprint

Skill      XL: |  1  2  3  4  5  6 |
---------------+-------------------+-----
Air Magic      | 5 6 8 9 10 | 10.5
Dodging        | 3 4 5 6 |  6.9
Stealth        | 3 4 5 6 |  6.0
Spellcasting   | 4 5 7 9 10 | 10.8
Conjurations   | 2 3 |  3.9
Charms         | 4 6 |  6.1
Fighting       | 2 3 |  3.7
Armour         | 2 3 |  3.5
Invocations    | 2 4 |  4.6
Evocations     | 1 |  1.3

Action                   |  1- 3 |  4- 6 |  7- 9 || total
-------------------------+-------+-------+-------++-------
 Cast: Shock             |     9 |     4 |       ||    13
       Airstrike         |       |     2 |       ||     2
Evoke: Wand              |       |     3 |     3 ||     6
       Staff of energy   |       |     1 |       ||     1
Dodge: Dodged            |     2 |     2 |       ||     4

Table legend:
 A = Spawn XP
 B = Non-spawn XP
 C = Spawn XP percentage of total XP
 D = Spawn monster count
 E = Non-spawn monster count
 F = Spawn count percentage of total count
 G = Total turns spent on level
                    A         B        C        D         E        F      G
               +---------+---------+-------+---------+---------+-------+---------
         Total |       0 |    1499 |   0.0 |       0 |      14 |   0.0 |   395
               +---------+---------+-------+---------+---------+-------+---------
             D |       0 |    1499 |   0.0 |       0 |      14 |   0.0 |   395
               +---------+---------+-------+---------+---------+-------+---------
